 Dungeon Sprint DCSS version 0.31-a0-876-gfe8ebadbca (webtiles) character file.

Game seed: 10502616382562314950

151343 sircluck the Wrestler (level 15, -1/189 HPs)
             Began as a Troll Berserker on Oct 13, 2023.
             Was the Champion of Trog.
             Hit by a silver javelin thrown by a pristine statue (5 damage)
             ... in the Dungeon (Sprint III: "The Ten Rune Challenge").
             The game lasted 00:22:27 (7279 turns).

sircluck the Wrestler (Troll Berserker)             Turns: 7279, Time: 00:22:28

Health: -1/189     AC:  8    Str: 39    XL:     15   Next: 97%
Magic:  14/14      EV: 22    Int:  2    God:    Trog [******]
Gold:   1343       SH: 18    Dex: 17    Spells: 14/14 levels left

rFire   . .          .
                       - Unarmed
rCold   . . .        k - +5 Storm Queen's Shield {shock, Fly rElec}
rNeg    + + +        N - +2 robe {rPois}
rPois   +            q - +0 hat {Stlth+}
rElec   +            h - scarf {repulsion}
rCorr   .            (gloves unavailable)
SInv    +            (boots unavailable)
Will    +....        (no amulet)
Stlth   ++++         F - ring "Qostrigio" {rN+ Str+5 Dex-2 Slay+2 SInv}
HPRegen 1.31/turn    C - ring "Suser" {*Slow rElec rN++ Dex+6 Stlth+}
MPRegen 0.14/turn

%: no teleportation, slow self (1%), repel missiles
@: flying, studying Armour
A: large, unfitting armour, claws 3, regeneration 1, shaggy fur 1, tough skin 1,
iridescent scales 1, agile 1
}: 3/10 runes: serpentine, barnacled, golden
a: Renounce Religion, Berserk, Trog's Hand, Brothers in Arms


You were in the Dungeon.
You worshipped Trog.
Trog was exalted by your worship.
You visited 1 branch You collected 2050 gold pieces.
You spent 707 gold pieces at shops.

Inventory:

Missiles
 u - 11 large rocks (quivered)
 v - 8 javelins
 w - 4 silver javelins
 A - 5 atropa-tipped darts
 B - 5 datura-tipped darts
 G - 4 large rocks of chaos
Armour
 a - a +0 animal skin
 h - a scarf of repulsion (worn)
 k - the +5 Storm Queen's Shield (worn) {shock, Fly rElec}
   (You took it off a deep elf high priest in the Dungeon)

   Shock:     When it blocks an attack, it may electrocute the attacker.
   This works even against foes who are a short distance away.
   rElec:     It insulates you from electricity.
   Fly:       It grants you flight.
 q - a +0 hat of stealth (worn)
 x - a +0 cloak
 N - a +2 robe of poison resistance (worn)
Jewellery
 g - an amulet of magic regeneration
 y - a +6 ring of strength
 z - a ring of ice
 C - the ring "Suser" (right claw) {*Slow rElec rN++ Dex+6 Stlth+}
   (You found it in the Dungeon)

   [ring of dexterity]

   Dex+6:     It affects your dexterity (+6).
   rElec:     It insulates you from electricity.
   rN++:      It greatly protects you from negative energy.
   *Slow:     It may slow you when you take damage.
   Stlth+:    It makes you more stealthy.
 F - the ring "Qostrigio" (left claw) {rN+ Str+5 Dex-2 Slay+2 SInv}
   (You acquired it in the Dungeon)

   [ring of positive energy]

   Str+5:     It affects your strength (+5).
   Dex-2:     It affects your dexterity (-2).
   Slay+2:    It affects your accuracy & damage with ranged weapons and melee
   (+2).
   rN+:       It protects you from negative energy.
   SInv:      It lets you see invisible.
 H - a +4 ring of protection
 I - a ring of fire
 K - the amulet "Kouneqoa" {rPois rF- Regen+ rCorr SInv}
   (You found it in the Dungeon)

   [amulet of regeneration]

   rF-:       It makes you vulnerable to fire.
   rPois:     It protects you from poison SInv: It lets you see invisible.
   Regen+:    It increases your rate of health regeneration.
   rCorr:     It protects you from acid and corrosion.
 L - a ring of protection from cold
Wands
 c - a wand of polymorph (14)
 o - a wand of digging (7)
 p - a wand of paralysis (14)
Scrolls
 j - 6 scrolls of torment
 m - a scroll of immolation {unknown}
 n - a scroll of enchant weapon {unknown}
 r - a scroll of vulnerability {unknown}
 D - a scroll of blinking
 E - 5 scrolls of acquirement
 J - 3 scrolls of amnesia {unknown}
 M - 2 scrolls of silence {unknown}
Potions
 b - 4 potions of curing
 d - 2 potions of haste
 e - 4 potions of magic
 i - a potion of mutation
 l - 4 potions of enlightenment {unknown}
 s - 3 potions of brilliance {unknown}
 t - a potion of might {unknown}


   Skills:
 + Level 21.8 Fighting
 + Level 15.8 Throwing
 + Level 21.7 Dodging
 + Level 13.6 Shields
 + Level 26.3 Unarmed Combat


You had 14 spell levels left.
You didn't know any spells.
Your spell library was empty.

Dungeon Overview and Level Annotations

Branches:
Dungeon (1/1)

Altars:
Cheibriados
Dithmenos
Elyvilon
Fedhas
Gozag
Hepliaklqana
Kikubaaqudgha
Makhleb
Nemelex Xobeh
Okawaru
Qazlal
Ru
Sif Muna
Trog
Uskayaw
Vehumet
Wu Jian
Xom
Yredelemnul
Zin
The Shining One
Jiyva
Lugonu

Shops:
D [:??=(=[[![[!:[[[*?==(*

Annotations:
D exclusions: 2 doors and 2 statues


Innate Abilities, Weirdness & Mutations

You are too large for most types of armour.
You have claws for hands.
Your natural rate of healing is unusually fast.
You are covered in fur. (AC +1)
You have tough skin. (AC +1)
You are partially covered in iridescent scales. (AC +2)
You are agile. (Dex +4, Str/Int -1)


Message History

* * * LOW HITPOINT WARNING * * *
The silver sears you!
* * * LOW HITPOINT WARNING * * *
The pristine statue throws a silver javelin.
The silver javelin misses you.
The pristine statue throws a silver javelin.
The silver javelin misses you.
The pristine statue throws a silver javelin.
The silver javelin completely misses you.
The pristine statue throws a silver javelin.
The silver javelin pierces through you!
* * * LOW HITPOINT WARNING * * *
The silver sears you!
* * * LOW HITPOINT WARNING * * *
You scratch the pristine statue but do no damage.
You completely miss the pristine statue.
The pristine statue throws a silver javelin.
The silver javelin misses you.
The pristine statue throws a silver javelin.
The silver javelin closely misses you.
You claw the pristine statue!
The pristine statue is lightly damaged.
You eviscerate the pristine statue!!!
The pristine statue is heavily damaged.
The pristine statue throws a silver javelin.
The silver javelin closely misses you.
The pristine statue throws a silver javelin.
The silver javelin misses you.
You mangle the pristine statue!!
The pristine statue is severely damaged.
The pristine statue throws a silver javelin.
The silver javelin pierces through you!
* * * LOW HITPOINT WARNING * * *
The silver sears you!
* * * LOW HITPOINT WARNING * * *
The pristine statue throws a silver javelin.
The silver javelin pierces through you!!
* * * LOW HITPOINT WARNING * * *
The silver sears you!
You die...

≈≈≈≈≈≈≈≈▓ ##########..##.#....§..
~~≈)~≈≈.▓##.......[)..##.#.......
≈≈~≈≈~.∩▓#∩.......)..###.........
≈≈≈≈≈≈.∩▓#∩.####################.
≈≈≈≈≈≈.∩▓#∩...........##.#.#.#.#.
~~~~~...▓##...........##.........
▓▓▓▓▓▓▓▓▓ ##############.........
*********#################'######
,,,,,,,,*#(~....@8#...###...##)#≈
,,,,*****#~......~#...##..)..##)#
,,,,~~~~*#........#[###.......###
~~~~~~~,*#........+.).'.......)).
~~~~~~~,*#........#'###.......###
~~~~~,,,*#~......~#~~~##.....##^^
,~~,,,,,*#(~....~8#'#'###...###^#
,,,,,,,,*####''####.#.# ##'####.#
,,,,,,,8*#.('.....#)#####.≈≈≈+#^*


You could see 2 pristine statues.

Vanquished Creatures
  Mara (D)
  Mennas (D)
  Boris (D)
  2 royal mummies (D)
  Sojobo (D)
  Sigmund (D)
  Nikola (D)
  Rupert (D)
  2 liches (D)
  A deep elf master archer (D)
  Polyphemus (D)
  Gastronok (D)
  2 sphinxes (D)
  Chuck (D)
  An ancient champion (D)
  A storm dragon (D)
  Ilsuiw (D)
  A nagaraja (D)
  2 shadow dragons (D)
  Roxanne (D)
  2 vampire knights (D)
  Azrael (D)
  A deep elf demonologist (D)
  A deep elf annihilator (D)
  2 dire elephants (D)
  A fire dragon (D)
  An iron golem (D)
  8 mummy priests (D)
  2 yaktaur captains (D)
  2 deep elf high priests (D)
  A merfolk javelineer (D)
  A hydra (D)
  A centaur warrior (D)
  An ogre mage (D)
  2 anacondas (D)
  A dancing weapon (D)
  A naga warrior (D)
  2 titan zombies (D)
  Urug (D)
  2 deep elf knights (D)
  4 hell knights (D)
  A shadow wraith (D)
  A death drake (D)
  3 skeletal warriors (D)
  2 anaconda zombies (D)
  A sea snake (D)
  A sea snake (shapeshifter) (D)
  An orb spider (shapeshifter) (D)
  A spriggan druid (D)
  A spectral iron dragon (D)
  2 obsidian statues (D)
  A lindwurm (D)
  4 deep elf pyromancers (D)
  A faun (shapeshifter) (D)
  4 crystal guardians (D)
  5 ugly things (D)
  A cyclops (shapeshifter) (D)
  2 oklob plants (D)
  2 elephants (D)
  A guardian serpent (D)
  6 statues (D)
  7 black mambas (D)
  Edmund (D)
  2 cane toads (D)
  A molten gargoyle (D)
  3 yaktaurs (D)
  A rime drake (D)
  A komodo dragon (D)
  7 guardian mummies (D)
  A queen bee (D)
  4 spriggan defenders (D)
  3 hornets (D)
  2 tyrant leeches (D)
  8 blink frogs (D)
  3 dream sheep (D)
  A snapping turtle (shapeshifter) (D)
  7 slime creatures (D)
  2 spriggans (D)
  A shadow (D)
  5 redbacks (D)
  A spatial vortex (D)
  2 nagas (D)
  2 iron troll simulacra (D)
  4 hydra simulacra (D)
  6 water moccasins (D)
  3 wandering mushrooms (D)
  A swamp drake (D)
  3 orc warriors (D)
  A black mamba simulacrum (D)
  4 two-headed ogres (D)
  A necrophage (D)
  A water elemental (D)
  32 killer bees (D)
  4 electric eels (D)
  A jelly (D)
  4 orc priests (D)
  Jessica (D)
  2 orc wizards (D)
  A wizard (D)
  2 necromancers (D)
  3 humans (D)
  A kobold demonologist (D)
  5 adders (D)
  A phantom (D)
  10 orcs (D)
  An endoplasm (D)
  A rat (D)
261 creatures vanquished.

Vanquished Creatures (collateral kills)
  2 deep elf annihilators (D)
  A mummy priest (D)
  Erolcha (D)
  A hydra (D)
  4 death yaks (D)
  3 dancing weapons (D)
  A black mamba (D)
  A two-headed ogre (D)
  9 guardian mummies (D)
  3 orc high priests (D)
26 creatures vanquished.

Vanquished Creatures (others)
  An electric eel (D)
  3 ball lightnings (D)
  5 ballistomycete spores (D)
9 creatures vanquished.

Grand Total: 296 creatures vanquished

Notes
Turn   | Place    | Note
-------+----------+-------------------------------------------
     0 | D        | sircluck the Troll Berserker began the quest for the Orb.
     0 | D        | Reached XP level 1. HP: 22/22 MP: 0/0
    25 | D        | Noticed Jessica
    30 | D        | Killed Jessica
    30 | D        | Reached ** piety under Trog
    31 | D        | Reached skill level 4 in Unarmed Combat
    31 | D        | Reached XP level 2. HP: 16/32 MP: 1/1
    69 | D        | Reached XP level 3. HP: 29/39 MP: 2/2
    71 | D        | Reached skill level 5 in Unarmed Combat
    90 | D        | Noticed a water elemental
    92 | D        | Gained mutation: You are frail. (-10% HP) [potion of
                  | mutation]
    92 | D        | Lost mutation: You are frail. (-10% HP) [potion of
                  | mutation]
    93 | D        | Gained mutation: You are somewhat resistant to further
                  | mutation. [potion of mutation]
    94 | D        | Lost mutation: You are somewhat resistant to further
                  | mutation. [potion of mutation]
    94 | D        | Gained mutation: You are partially covered in iridescent
                  | scales. (AC +2) [potion of mutation]
    94 | D        | Gained mutation: You are agile. (Dex +4, Str/Int -1)
                  | [potion of mutation]
   101 | D        | Killed a water elemental
   101 | D        | Reached *** piety under Trog
   102 | D        | Reached skill level 5 in Fighting
   102 | D        | Reached skill level 5 in Dodging
   102 | D        | Reached skill level 6 in Unarmed Combat
   102 | D        | Reached XP level 4. HP: 4/50 MP: 3/3
   146 | D        | Found a glowing silver altar of Zin.
   146 | D        | Found a glowing golden altar of the Shining One.
   146 | D        | Found a white marble altar of Elyvilon.
   147 | D        | Noticed a deep elf pyromancer
   154 | D        | Noticed a fire elemental
   154 | D        | Noticed a fire elemental
   154 | D        | Killed a deep elf pyromancer
   155 | D        | Reached skill level 9 in Unarmed Combat
   155 | D        | Reached XP level 5. HP: 59/63 MP: 4/4
   155 | D        | Reached XP level 6. HP: 68/72 MP: 5/5
   155 | D        | Reached XP level 7. HP: 74/79 MP: 6/6
   171 | D        | Found a radiant altar of Vehumet.
   172 | D        | Found a shimmering blue altar of Sif Muna.
   172 | D        | Found an ancient bone altar of Kikubaaqudgha.
   175 | D        | Reached **** piety under Trog
   185 | D        | Found a hide-covered altar of Uskayaw.
   185 | D        | Found an iron altar of Okawaru.
   185 | D        | Found a bloodstained altar of Trog.
   185 | D        | Found an ornate altar of the Wu Jian Council.
   185 | D        | Noticed a human
   186 | D        | Noticed a human
   194 | D        | Killed a human
   196 | D        | Killed a human
   196 | D        | Reached ***** piety under Trog
   197 | D        | Reached skill level 10 in Unarmed Combat
   236 | D        | Found a basalt altar of Yredelemnul.
   236 | D        | Found a shadowy altar of Dithmenos.
   236 | D        | Found a sacrificial altar of Ru.
   238 | D        | Received a gift from Trog
   248 | D        | Noticed a shadow
   251 | D        | Killed a shadow
   252 | D        | Reached XP level 8. HP: 91/92 MP: 7/7
   260 | D        | Found a blossoming altar of Fedhas.
   260 | D        | Found a stormy altar of Qazlal.
   260 | D        | Found a snail-covered altar of Cheibriados.
   260 | D        | Found a burning altar of Makhleb.
   260 | D        | Found a shimmering altar of Xom.
   261 | D        | Found a hazy altar of Hepliaklqana.
   261 | D        | Found an opulent altar of Gozag.
   261 | D        | Found a sparkling altar of Nemelex Xobeh.
   261 | D        | Found a corrupted altar of Lugonu.
   261 | D        | Found a viscous altar of Jiyva.
   270 | D        | Reached skill level 11 in Unarmed Combat
   357 | D        | Noticed a two-headed ogre
   362 | D        | Killed a two-headed ogre
   363 | D        | Reached skill level 10 in Fighting
   395 | D        | Noticed Erolcha
   395 | D        | Noticed a two-headed ogre
   400 | D        | Killed Erolcha
   401 | D        | Reached skill level 10 in Dodging
   401 | D        | Reached skill level 12 in Unarmed Combat
   401 | D        | Reached XP level 9. HP: 92/102 MP: 8/8
   401 | D        | Killed a two-headed ogre
   474 | D        | Reached skill level 13 in Unarmed Combat
   478 | D        | Noticed a wandering mushroom
   487 | D        | Noticed a wandering mushroom
   489 | D        | Noticed a wandering mushroom
   493 | D        | Received a gift from Trog
   543 | D        | Noticed a cane toad
   543 | D        | Noticed a komodo dragon
   543 | D        | Noticed a cane toad
   545 | D        | Killed a cane toad
   547 | D        | Killed a komodo dragon
   551 | D        | Killed a cane toad
   552 | D        | Reached XP level 10. HP: 59/115 MP: 9/9
   641 | D        | Reached skill level 14 in Unarmed Combat
   649 | D        | Received a gift from Trog
   703 | D        | Noticed Rupert
   705 | D        | Paralysed by Rupert for 4 turns
   717 | D        | Killed Rupert
   718 | D        | Reached skill level 15 in Unarmed Combat
   741 | D        | Noticed an azure jelly
   741 | D        | Noticed an azure jelly
   741 | D        | Noticed an azure jelly
   741 | D        | Noticed an azure jelly
   765 | D        | Noticed a death yak
   766 | D        | Noticed a death yak
   766 | D        | Noticed a death yak
   768 | D        | Noticed a death yak
   772 | D        | Killed a death yak
   778 | D        | Killed a death yak
   779 | D        | Killed a death yak
   779 | D        | Received a gift from Trog
   780 | D        | Reached XP level 11. HP: 128/128 MP: 10/10
   781 | D        | Killed a death yak
   782 | D        | Reached skill level 16 in Unarmed Combat
   800 | D        | Noticed a dire elephant
   800 | D        | Noticed a dire elephant
   800 | D        | Noticed Gastronok
   809 | D        | Killed a dire elephant
   815 | D        | Killed a dire elephant
   836 | D        | Killed Gastronok
   836 | D        | Received a gift from Trog
   837 | D        | Reached skill level 17 in Unarmed Combat
   947 | D        | Noticed Polyphemus
   966 | D        | Killed Polyphemus
   967 | D        | Reached skill level 15 in Fighting
   967 | D        | Reached skill level 15 in Dodging
  1047 | D        | Noticed Ilsuiw
  1048 | D        | Noticed a sea snake
  1056 | D        | Killed a sea snake
  1128 | D        | Found Zemuguem's Antique Armour Shoppe.
  1154 | D        | Killed Ilsuiw
  1155 | D        | Reached skill level 18 in Unarmed Combat
  1155 | D        | Reached XP level 12. HP: 143/143 MP: 11/11
  1228 | D        | Found Cuzifisch's Book Boutique.
  1229 | D        | Found Sapihaqy's Magic Scroll Emporium.
  1230 | D        | Noticed a merfolk javelineer
  1252 | D        | Killed a merfolk javelineer
  1364 | D        | Got a barnacled rune of Zot
  1464 | D        | Identified the +9 battleaxe of the Shore {antimagic, rC+
                  | rN+ Will+} (Trog gifted it to you in the Dungeon)
  1464 | D        | Received a gift from Trog
  1472 | D        | Noticed Urug
  1480 | D        | Killed Urug
  1547 | D        | Noticed a five-headed hydra
  1547 | D        | Noticed a five-headed hydra
  1561 | D        | Killed a five-headed hydra
  1581 | D        | Killed an eight-headed hydra
  1717 | D        | Reached skill level 19 in Unarmed Combat
  1733 | D        | Received a gift from Trog
  1772 | D        | Noticed an anaconda
  1778 | D        | Killed an anaconda
  1788 | D        | Reached ****** piety under Trog
  1794 | D        | Received a gift from Trog
  1856 | D        | Noticed an anaconda
  1889 | D        | Killed an anaconda
  1904 | D        | Noticed a nagaraja
  1905 | D        | Noticed a naga warrior
  2063 | D        | Killed a naga warrior
  2080 | D        | Received a gift from Trog
  2084 | D        | Killed a nagaraja
  2109 | D        | Found Vuiff's Magic Scroll Shop.
  2109 | D        | Found Toogiet's Jewellery Shoppe.
  2113 | D        | Found Seulifad's Antique Weapon Boutique.
  2135 | D        | Got a serpentine rune of Zot
  2244 | D        | Noticed Edmund
  2245 | D        | Noticed Sigmund
  2259 | D        | Killed Edmund
  2267 | D        | Killed Sigmund
  2267 | D        | Received a gift from Trog
  2268 | D        | Reached skill level 20 in Unarmed Combat
  2268 | D        | Reached XP level 13. HP: 86/157 MP: 12/12
  2686 | D        | Received a gift from Trog
  2727 | D        | Reached skill level 5 in Throwing
  2915 | D        | Received a gift from Trog
  2942 | D        | Noticed a fire dragon
  2949 | D        | Killed a fire dragon
  3027 | D        | Reached skill level 21 in Unarmed Combat
  3044 | D        | Received a gift from Trog
  3138 | D        | Identified the +8 quick blade of the Onslaught {drain,
                  | +Blink rPois}
  3392 | D        | Received a gift from Trog
  3399 | D        | Found Mesteg's Jewellery Emporium.
  3445 | D        | Bought a +6 ring of strength for 432 gold pieces
  3607 | D        | Bought a ring of ice for 275 gold pieces
  3653 | D        | Found a blossoming altar of Fedhas.
  3764 | D        | Received a gift from Trog
  3831 | D        | Identified the ring "Suser" {*Slow rElec rN++ Dex+6 Stlth+}
  3985 | D        | Identified the +5 glaive of Modaynab {heavy, rN+ Str+5}
                  | (Trog gifted it to you in the Dungeon)
  3985 | D        | Received a gift from Trog
  4005 | D        | Received a gift from Trog
  4131 | D        | Noticed a deep elf annihilator
  4180 | D        | Received a gift from Trog
  4195 | D        | Reached skill level 1 in Shields
  4209 | D        | Received a gift from Trog
  4238 | D        | Received a gift from Trog
  4361 | D        | Noticed Azrael
  4371 | D        | Killed Azrael
  4371 | D        | Received a gift from Trog
  4372 | D        | Reached XP level 14. HP: 158/170 MP: 13/13
  4376 | D        | Acquired the ring "Qostrigio" {rN+ Str+5 Dex-2 Slay+2 SInv}
  4497 | D        | Found Mixantan's Jewellery Shop.
  4497 | D        | Found Watypladip's General Store.
  4497 | D        | Found Dianeufo's Assorted Antiques.
  4497 | D        | Found Julam's Armour Boutique.
  4497 | D        | Found Epozxepp's Magic Scroll Emporium.
  4497 | D        | Found Gagh's Antique Weapon Shop.
  4497 | D        | Found Senent's Antique Armour Boutique.
  4497 | D        | Found Oledas's Armour Shoppe.
  4497 | D        | Found Wag Hah's Jewellery Emporium.
  4497 | D        | Found Udaof's Book Shop.
  4497 | D        | Found Agiz's Distillery.
  4577 | D        | Noticed Chuck
  4588 | D        | Killed Chuck
  4589 | D        | Reached skill level 22 in Unarmed Combat
  4597 | D        | Identified the +6 hand axe "Ushrobev" {speed, rPois Str+2
                  | Int-5 Dex+2}
  4609 | D        | Received a gift from Trog
  4609 | D        | Noticed Sojobo
  4627 | D        | Killed Sojobo
  4628 | D        | Reached skill level 10 in Throwing
  4628 | D        | Reached skill level 5 in Shields
  4687 | D        | Noticed a lich
  4690 | D        | Killed a lich
  4713 | D        | Noticed a shadow dragon
  4714 | D        | Noticed a shadow dragon
  4723 | D        | Killed a shadow dragon
  4723 | D        | Received a gift from Trog
  4731 | D        | Killed a shadow dragon
  5026 | D        | Received a gift from Trog
  5161 | D        | Noticed a lich
  5172 | D        | Killed a lich
  5186 | D        | Noticed a sphinx
  5186 | D        | Noticed a sphinx
  5216 | D        | Killed a sphinx
  5216 | D        | Received a gift from Trog
  5218 | D        | Killed a sphinx
  5305 | D        | Reached skill level 23 in Unarmed Combat
  5308 | D        | Received a gift from Trog
  5511 | D        | Identified the +9 great sword of Uguan {flame, rElec Str+3
                  | Dex-4} (Trog gifted it to you in the Dungeon)
  5511 | D        | Received a gift from Trog
  5513 | D        | Noticed a royal mummy
  5514 | D        | Noticed a royal mummy
  5518 | D        | Noticed an emperor scorpion
  5518 | D        | Noticed an emperor scorpion
  5530 | D        | Killed a royal mummy
  5536 | D        | Noticed an emperor scorpion
  5541 | D        | Killed a royal mummy
  5542 | D        | Reached XP level 15. HP: 38/184 MP: 14/14
  5542 | D        | Identified the +7 hand axe of the Mushroom {flame, rN+
                  | Dex+3}
  5547 | D        | Received a gift from Trog
  5547 | D        | HP: 3/184 [something (14)]
  5550 | D        | Reached skill level 10 in Shields
  5555 | D        | HP: 7/184 [something (10)]
  5599 | D        | Got a golden rune of Zot
  5602 | D        | Identified the staff "Embalmer" {Fly rPois rF++ Poison}
  5983 | D        | Noticed a deep elf master archer
  5997 | D        | Killed a deep elf master archer
  6125 | D        | Identified the amulet "Kouneqoa" {rPois rF- Regen+ rCorr
                  | SInv}
  6319 | D        | Noticed a fire giant
  6325 | D        | Noticed a fire giant
  6325 | D        | Noticed a fire giant
  6325 | D        | Noticed a frost giant
  6325 | D        | Noticed a golden dragon
  6325 | D        | Noticed a titan
  6325 | D        | Noticed a fire giant
  6325 | D        | Noticed a quicksilver dragon
  6439 | D        | Received a gift from Trog
  6440 | D        | Reached skill level 24 in Unarmed Combat
  6446 | D        | Paralysed by an air elemental for 1 turns
  6486 | D        | Noticed Mara
  6500 | D        | Killed Mara
  6547 | D        | Received a gift from Trog
  6573 | D        | Noticed an ancient champion
  6575 | D        | Killed an ancient champion
  6624 | D        | Noticed Nikola
  6624 | D        | Noticed a storm dragon
  6633 | D        | Killed a storm dragon
  6639 | D        | Received a gift from Trog
  6649 | D        | Killed Nikola
  6650 | D        | Reached skill level 25 in Unarmed Combat
  6707 | D        | Received a gift from Trog
  6813 | D        | Found Peoruruuj's Armour Shoppe.
  6813 | D        | Found Zexopp's Distillery.
  6813 | D        | Found Soaz's Armour Shop.
  6813 | D        | Found Megibb's Armour Emporium.
  6844 | D        | Received a gift from Trog
  6861 | D        | Reached skill level 15 in Throwing
  6881 | D        | Noticed Boris
  6893 | D        | Killed Boris
  6901 | D        | Received a gift from Trog
  6969 | D        | Found Soseran's Armour Boutique.
  6975 | D        | Reached skill level 26 in Unarmed Combat
  7019 | D        | Noticed Roxanne
  7033 | D        | Killed Roxanne
  7033 | D        | Received a gift from Trog
  7066 | D        | Noticed Mennas
  7092 | D        | Killed Mennas
  7279 | D        | HP: 4/189 [pristine statue/silver javelin (20)]
  7279 | D        | Hit by a silver javelin thrown by a pristine statue

Illustrated notes

Levels and vault maps discovered:
D:        dungeon_sprint_mu [sprint_mu_entry_cave, sprint_mu_temple_rooms,
          sprint_mu_d1_spiders, sprint_mu_d2_genie, sprint_mu_d3_branching,
          sprint_mu_orc_legion, sprint_mu_elf_gauntlet, sprint_mu_hive_nellie,
          sprint_mu_lair_fedhas, sprint_mu_vaults_butterflies,
          sprint_mu_slime_circle, sprint_mu_shoals_archi,
          sprint_mu_snake_twists, sprint_mu_blade_basic,
          sprint_mu_crypt_fortress, sprint_mu_tomb_spiral,
          sprint_mu_vestibule_basic, sprint_mu_gehenna_hellfire,
          sprint_mu_dis_giant, sprint_mu_tartarus_statrot,
          sprint_mu_cocytus_islands, sprint_mu_zot1]

Skill      XL: |  1  2  3  4  5  6  7  8  9 10 11 12 13 14 15 |
---------------+----------------------------------------------+-----
Fighting       | 3 4 5 7 9 10 11 13 15 17 18 20 21 | 21.8
Dodging        | 3 4 5 7 9 10 11 13 15 17 18 20 21 | 21.7
Unarmed Combat | 4 6 9 10 12 13 15 18 20 21 23 26 | 26.3
Throwing       | 3 9 12 15 | 15.8
Shields        | 3 9 13 | 13.6

Action                     |  1- 3 |  4- 6 |  7- 9 | 10-12 | 13-15 || total
---------------------------+-------+-------+-------+-------+-------++-------
  Melee: Unarmed           |    16 |     7 |    68 |   208 |   529 ||   828
         Punch             |     2 |       |     8 |    26 |    13 ||    49
  Throw: Large rock        |       |       |       |     1 |       ||     1
 Invoke: Berserk           |     1 |       |       |     6 |     6 ||    13
         Brothers in Arms  |       |       |     1 |     7 |    12 ||    20
    Use: Potion            |     3 |       |       |       |     3 ||     6
         Scroll            |       |       |       |       |     5 ||     5
   Stab: Sleeping          |     1 |       |     1 |     4 |     8 ||    14
         Distracted        |       |       |       |       |     2 ||     2
 Armour: Animal skin       |    13 |     4 |    37 |    93 |   162 ||   309
         Robe              |       |       |       |       |    59 ||    59
  Dodge: Dodged            |     4 |     1 |    20 |   107 |   231 ||   363
         Repelled          |       |       |       |       |     3 ||     3
  Block: Kite shield       |       |       |       |       |   178 ||   178

Table legend: (Time is in decaauts)
 A = Elapsed time spent in this place.
 B = Non-inter-level travel time spent in this place.
 C = Inter-level travel time spent in this place.
 D = Time resting spent in this place.
 E = Time spent auto-exploring this place.
 F = Levels seen in this place.
 G = Mean time per level.
                   A        B        C        D        E       F      G
               +--------+--------+--------+--------+--------+-----+--------+
         Total |   7190 |   6348 |    842 |   2649 |   1578 |   1 | 7190.0 |
       Dungeon |   7190 |   6348 |    842 |   2649 |   1578 |   1 | 7190.0 |
               +--------+--------+--------+--------+--------+-----+--------+

Top non-repeatable levels by time:
       D: 7190 daAuts
